Login

Winnipeg Jets vs San Jose Sharks

Created - 11 March 2024 at 00:23

Goals
1 2 3 T
Winnipeg Jets 0 2 1 3
San Jose Sharks 1 1 4 6
Shots
1 2 3 T
Winnipeg Jets 6 14 15 35
San Jose Sharks 11 9 12 32

GoalsPenalties
1st period
1. San Jose Sharks , Mikael Granlund 1 (Fabian Zetterlund 1) at 17:51
Ethan Bear (SJS) for Holding Stick (Minor) at 15:43
Givani Smith (SJS) for High sticking (Minor) at 18:20
2nd period
2. Winnipeg Jets , Josh Morrissey 2 (Neal Pionk 1, Connor Hellebuyck) at 3:59 (PP)
3. Winnipeg Jets , Kyle Connor 5 (Josh Morrissey 4, Mark Scheifele 3) at 4:25
4. San Jose Sharks , Alexander Barabanov 3 (Matt Benning 1, Kaapo Kahkonen) at 8:51 (PP)
Ethan Bear (SJS) for Holding (Minor) at 3:45
Brenden Dillon (WPG) for Interference (Minor) at 8:14
Phil Kessel (WPG) for Holding (Minor) at 9:15
Brenden Dillon (WPG) for Interference (Minor) at 16:11
3rd period
5. San Jose Sharks , Alexander Barabanov 4 (Calen Addison 3, Logan Couture 4) at 3:48 (PP)
6. San Jose Sharks , Logan Couture 3 (Alexander Barabanov 2) at 4:16 (PP)
7. San Jose Sharks , Nico Sturm 2 (Mikael Granlund 2, Givani Smith 1) at 7:33
8. Winnipeg Jets , Josh Morrissey 3 (Kyle Connor 1, Mark Scheifele 4) at 9:01 (PP)
9. San Jose Sharks , Filip Zadina 2 (Alexander Barabanov 3, Matt Benning 2) at 14:52 (PP)
Brenden Dillon (WPG) for Hooking (Minor) at 3:36
Josh Morrissey (WPG) for Holding (Minor) at 4:12
Givani Smith (SJS) for Tripping (Minor) at 8:43
Dylan DeMelo (WPG) for Cross-checking (Minor) at 14:23
Mario Ferraro (SJS) for Tripping (Minor) at 18:53
Goalie Stats
Connor Hellebuyck (WPG), 26 saves from 32 shots - (0.813), L, 0-3-1, 60:00 minutes
Kaapo Kahkonen (SJS), 32 saves from 35 shots - (0.914), W, 2-2-0, 60:00 minutes
3 StarsOfficial
1 - Alexander Barabanov (SJS)
2 - Mikael Granlund (SJS)
3 - Josh Morrissey (WPG)
Referees : Terry Koharski and Justin St. Pierre
Linesman : Vaughan Rody and Bryan Pancich
Game Note
3:59 of 2nd period - Winnipeg Jets goal is going for a video replay. After video review, Goal.
Finance
Level 1 -- Attendance: 5851 (97.52%) -- Ticket Income $585,100
Level 2 -- Attendance: 4680 (93.60%) -- Ticket Income $280,800
Level 3 -- Attendance: 1949 (97.45%) -- Ticket Income $68,215
Level 4 -- Attendance: 3597 (89.93%) -- Ticket Income $89,925
Luxury Box -- Attendance: 855 (85.50%) -- Ticket Income $171,000
Game was played at the SAP Center.
Total Attendance: 16932 (94.07%)
Total Ticket Income: $1,195,040
Other Income: $585,570
Total Income: $1,780,610



Team Name Goals Shots Shots Attemp Shots Blocked PIM HIT PP PK FO%
Winnipeg Jets 335681412202 / 5 (40%)438%
San Jose Sharks 63277810154 / 6 (67%)262%

Winnipeg Jets
Player Name POS G A P +/- PIM HIT SHT SB MP PP MP PP SHT PK MP PK SHT FO% FOT GA TA
Adam LowryC0000001014:471:2100:00050% 200
Alex ChiassonRW000-2001011:060:0001:0400% 000
Alex IafalloLW000-2015113:260:0003:3200% 000
Brenden DillonD000-1643118:571:2900:5100% 000
Dylan DeMeloD000-1210119:211:2901:4500% 000
Dylan SambergD000-1001413:480:0003:4800% 000
Gabriel VilardiC000-2010011:060:0001:04033% 300
Josh MorrisseyD2131215430:144:0733:4100% 030
Kyle ConnorLW1121007022:354:1500:3910% 130
Mark ScheifeleC0221033022:594:1501:03044% 4100
Mathieu OlivierRW000003007:550:0000:0000% 000
Morgan BarronC0000012111:130:0003:1800% 802
Nate SchmidtD000-1002010:130:0000:0000% 000
Neal PionkD0111021227:254:0710:3500% 000
Nikolaj EhlersLW0000003014:471:2100:000100% 100
Nino NiederreiterRW0000011014:471:2100:00050% 211
Phil KesselRW0001210022:004:1500:00033% 301
Rasmus KupariC000001007:550:0000:0000% 000
San Jose Sharks
Player Name POS G A P +/- PIM HIT SHT SB MP PP MP PP SHT PK MP PK SHT FO% FOT GA TA
Alexander BarabanovLW224-1026024:443:3433:5300% 111
Anthony DuclairLW000000207:160:0000:2700% 100
Calen AddisonD0110002020:402:0112:3200% 000
Danil GushchinLW0000000016:351:4601:1600% 100
Ethan BearD0001400011:500:0000:3200% 000
Fabian ZetterlundLW0112011111:250:0000:0000% 000
Filip ZadinaRW101-1011020:423:3410:0000% 200
Givani SmithRW0110420115:251:4600:0000% 000
Jan RuttaD0000012020:062:0101:5800% 000
Logan CoutureC112-1035024:443:3413:53073% 4100
Luke KuninC000000016:490:0000:0000% 000
Mario FerraroD0000210227:283:1902:3200% 003
Matt BenningD0220022228:353:1913:3800% 001
Mikael GranlundC1122014011:250:0000:00043% 710
Mike HoffmanC000000107:160:0000:2700% 000
Nico SturmC1012004011:250:0000:0000% 000
Nikolai KnyzhovD0001001111:190:0000:0000% 001
Tomas HertlC0000011016:351:4601:16063% 821

Winnipeg Jets

5 vs 5 Forward
Line #Left WingCenterRight WingPHYDFOFWanted %Time %Time Play
1Kyle ConnorMark ScheifelePhil Kessel1224036%17:41
2Nikolaj EhlersAdam LowryNino Niederreiter1223028%13:34
3Alex IafalloGabriel VilardiAlex Chiasson1222020%9:54
4Rasmus KupariMorgan BarronMathieu Olivier1221016%7:55
5 vs 5 Defense
Line #DefenseDefensePHYDFOFWanted %Time %Time Play
1Josh MorrisseyNeal Pionk1224041%20:10
2Brenden DillonDylan DeMelo1223033%16:24
3Dylan SambergNate Schmidt1222021%10:13
4Josh MorrisseyNeal Pionk122105%2:17
Power Play Forward
Line #Left WingCenterRight WingPHYDFOFWanted %Time %Time Play
1Kyle ConnorMark ScheifelePhil Kessel1226076%4:15
2Nikolaj EhlersAdam LowryNino Niederreiter1224024%1:21
Power Play Defense
Line #DefenseDefensePHYDFOFWanted %Time %Time Play
1Josh MorrisseyNeal Pionk1226074%4:07
2Brenden DillonDylan DeMelo1224026%1:29
Penalty Kill 4 Players Forward
Line #CenterWingPHYDFOFWanted %Time %Time Play
1Morgan BarronAlex Iafallo1226080%4:16
2Gabriel VilardiAlex Chiasson1224020%1:04
Penalty Kill 4 Players Defense
Line #DefenseDefensePHYDFOFWanted %Time %Time Play
1Josh MorrisseyDylan Samberg1226060%3:11
2Brenden DillonDylan DeMelo1224040%2:09
Penalty Kill 3 Players
Line #WingPHYDFOFWanted %Time %Time PlayDefenseDefensePHYDFOFWanted %Time %Time Play
1Mark Scheifele122600%0:00 Josh MorrisseyBrenden Dillon122600%0:00
2Adam Lowry122400%0:00 Neal PionkDylan DeMelo122400%0:00
4 vs 4 Forward
Line #CenterWingPHYDFOFWanted %Time %Time Play
1Mark ScheifeleKyle Connor122600%0:00
2Adam LowryNikolaj Ehlers122400%0:00
4 vs 4 Defense
Line #DefensePHYDFOFWanted %Time %Time Play
1Josh MorrisseyBrenden Dillon122600%0:00
2Neal PionkDylan DeMelo122400%0:00
Last Minutes Offensive
Left WingCenterRight WingDefenseDefense
Kyle ConnorMark ScheifeleNino NiederreiterJosh MorrisseyNeal Pionk
Last Minutes Defensive
Left WingCenterRight WingDefenseDefense
Nikolaj EhlersMark ScheifeleAlex ChiassonDylan DeMeloDylan Samberg
Time
Total ForwardTotal DefenseLast Minutes OffensiveLast Minutes Defensive
60:00 60:00 0:000:00
Extra Forwards
Normal PowerPlayPenalty Kill
Mark Scheifele, Kyle Connor, Adam LowryKyle Connor, Mark ScheifeleMark Scheifele
Extra Defensemen
Normal PowerPlayPenalty Kill
Josh Morrissey, Brenden Dillon, Neal PionkDylan DeMelo, Dylan DeMeloDylan Samberg
Penalty Shots
Mark Scheifele, Phil Kessel, Kyle Connor, Nikolaj Ehlers, Nino Niederreiter
Goalie
Connor Hellebuyck, Laurent Brossoit
Custom OT Lines Forwards
Mark Scheifele, Kyle Connor, Adam Lowry, Nikolaj Ehlers, Nino Niederreiter, Phil Kessel, Gabriel Vilardi, Alex Iafallo, Morgan Barron, Alex Chiasson
Custom OT Lines Defensemen
Josh Morrissey, Brenden Dillon, Neal Pionk, Nate Schmidt, Dylan DeMelo
Scratches
Mason Appleton (Healthy), Samuel Fagemo (Healthy), Arber Xhekaj (Healthy)

San Jose Sharks

5 vs 5 Forward
Line #Left WingCenterRight WingPHYDFOFWanted %Time %Time Play
1Alexander BarabanovLogan CoutureFilip Zadina1224035%17:17
2Danil GushchinTomas HertlGivani Smith1223028%13:33
3Fabian ZetterlundMikael GranlundNico Sturm1222023%11:25
4Anthony DuclairMike HoffmanLuke Kunin1221014%6:49
5 vs 5 Defense
Line #DefenseDefensePHYDFOFWanted %Time %Time Play
1Matt BenningMario Ferraro1224040%19:28
2Jan RuttaCalen Addison1223033%16:07
3Ethan BearNikolai Knyzhov1222023%11:19
4Matt BenningMario Ferraro122104%2:10
Power Play Forward
Line #Left WingCenterRight WingPHYDFOFWanted %Time %Time Play
1Alexander BarabanovLogan CoutureFilip Zadina1226067%3:34
2Danil GushchinTomas HertlGivani Smith1224033%1:46
Power Play Defense
Line #DefenseDefensePHYDFOFWanted %Time %Time Play
1Matt BenningMario Ferraro1226062%3:19
2Jan RuttaCalen Addison1224038%2:01
Penalty Kill 4 Players Forward
Line #CenterWingPHYDFOFWanted %Time %Time Play
1Logan CoutureAlexander Barabanov1226077%4:20
2Tomas HertlDanil Gushchin1224023%1:16
Penalty Kill 4 Players Defense
Line #DefenseDefensePHYDFOFWanted %Time %Time Play
1Matt BenningMario Ferraro1226065%3:38
2Jan RuttaCalen Addison1224035%1:58
Penalty Kill 3 Players
Line #WingPHYDFOFWanted %Time %Time PlayDefenseDefensePHYDFOFWanted %Time %Time Play
1Logan Couture122600%0:00 Matt BenningMario Ferraro122600%0:00
2Tomas Hertl122400%0:00 Jan RuttaCalen Addison122400%0:00
4 vs 4 Forward
Line #CenterWingPHYDFOFWanted %Time %Time Play
1Logan CoutureAlexander Barabanov122600%0:00
2Tomas HertlDanil Gushchin122400%0:00
4 vs 4 Defense
Line #DefensePHYDFOFWanted %Time %Time Play
1Matt BenningMario Ferraro122600%0:00
2Jan RuttaCalen Addison122400%0:00
Last Minutes Offensive
Left WingCenterRight WingDefenseDefense
Alexander BarabanovLogan CoutureFilip ZadinaMatt BenningMario Ferraro
Last Minutes Defensive
Left WingCenterRight WingDefenseDefense
Alexander BarabanovLogan CoutureFilip ZadinaMatt BenningMario Ferraro
Time
Total ForwardTotal DefenseLast Minutes OffensiveLast Minutes Defensive
60:00 60:00 0:000:00
Extra Forwards
Normal PowerPlayPenalty Kill
Mike Hoffman, Danil Gushchin, Nico SturmMike Hoffman, Danil GushchinMike Hoffman
Extra Defensemen
Normal PowerPlayPenalty Kill
Calen Addison, Ethan Bear, Nikolai KnyzhovCalen Addison, Calen AddisonEthan Bear
Penalty Shots
Logan Couture, Tomas Hertl, Alexander Barabanov, Mikael Granlund, Mike Hoffman
Goalie
Kaapo Kahkonen, Mackenzie Blackwood
Custom OT Lines Forwards
Logan Couture, Tomas Hertl, Alexander Barabanov, Mikael Granlund, Mike Hoffman, Danil Gushchin, Nico Sturm, Luke Kunin, Fabian Zetterlund, Anthony Duclair
Custom OT Lines Defensemen
Matt Benning, Mario Ferraro, Jan Rutta, Calen Addison, Ethan Bear
Scratches
Ty Emberson (Healthy), Nikita Okhotiuk (Healthy)


Play-by-Play

1st period


0:01 of 1st period - Logan Couture wins face-off versus Mark Scheifele in neutral zone.
0:04 of 1st period - Snap shot by Logan Couture.
0:04 of 1st period - Shot Misses the Net.
0:06 of 1st period - Snap shot by Mario Ferraro.
0:06 of 1st period - Shot Misses the Net.
0:51 of 1st period - Snap shot by Alex Iafallo.
0:51 of 1st period - Stopped by Kaapo Kahkonen with a rebound.
0:55 of 1st period - Snap shot by Alex Iafallo.
0:55 of 1st period - Shot Misses the Net.
1:13 of 1st period - Anthony Duclair is hit by Mathieu Olivier and loses puck.
1:22 of 1st period - Slapshot by Josh Morrissey.
1:22 of 1st period - Shot Blocked by Luke Kunin.
1:42 of 1st period - Snap shot by Danil Gushchin.
1:42 of 1st period - Deflect By Tomas Hertl.
1:42 of 1st period - Shot Misses the Net.
1:42 of 1st period - Puck is out of play.
1:43 of 1st period - Logan Couture wins face-off versus Mark Scheifele in Winnipeg Jets zone.
1:44 of 1st period - Snap shot by Alexander Barabanov.
1:44 of 1st period - Stopped by Connor Hellebuyck with a rebound.
1:50 of 1st period - Snap shot by Kyle Connor.
1:50 of 1st period - Stopped by Kaapo Kahkonen without a rebound.
1:51 of 1st period - Mark Scheifele wins face-off versus Logan Couture in San Jose Sharks zone.
2:00 of 1st period - Slapshot by Mark Scheifele.
2:00 of 1st period - Shot Misses the Net.
2:18 of 1st period - Wrist shot by Mark Scheifele.
2:18 of 1st period - Stopped by Kaapo Kahkonen without a rebound.
2:19 of 1st period - Tomas Hertl wins face-off versus Adam Lowry in San Jose Sharks zone.
3:02 of 1st period - Nico Sturm is hit by Neal Pionk and loses puck.
3:54 of 1st period - Wrist shot by Fabian Zetterlund.
3:54 of 1st period - Shot Misses the Net.
4:04 of 1st period - Wrist shot by Nico Sturm.
4:04 of 1st period - Stopped by Connor Hellebuyck with a rebound.
4:17 of 1st period - Snap shot by Nico Sturm.
4:17 of 1st period - Stopped by Connor Hellebuyck without a rebound.
4:18 of 1st period - Mark Scheifele wins face-off versus Logan Couture in Winnipeg Jets zone.
4:45 of 1st period - Adam Lowry is hit by Tomas Hertl.
5:30 of 1st period - Logan Couture is hit by Mark Scheifele.
5:34 of 1st period - Kyle Connor is hit by Alexander Barabanov and loses puck.
6:49 of 1st period - Neal Pionk is hit by Matt Benning and loses puck.
8:09 of 1st period - Matt Benning is hit by Brenden Dillon and loses puck.
8:57 of 1st period - Danil Gushchin is hit by Mathieu Olivier and loses puck.
9:10 of 1st period - Nikolai Knyzhov is hit by Alex Iafallo and loses puck.
9:19 of 1st period - Josh Morrissey is hit by Filip Zadina and loses puck.
10:09 of 1st period - Icing by Nico Sturm.
10:10 of 1st period - Mark Scheifele wins face-off versus Mikael Granlund in San Jose Sharks zone.
10:27 of 1st period - Nico Sturm is hit by Brenden Dillon and loses puck.
11:24 of 1st period - Luke Kunin is hit by Mark Scheifele.
11:49 of 1st period - Tomas Hertl is hit by Mathieu Olivier and loses puck.
12:02 of 1st period - Wrist shot by Tomas Hertl.
12:02 of 1st period - Stopped by Connor Hellebuyck without a rebound.
12:03 of 1st period - Mark Scheifele wins face-off versus Mikael Granlund in Winnipeg Jets zone.
13:10 of 1st period - Snap shot by Tomas Hertl.
13:10 of 1st period - Shot Misses the Net.
13:16 of 1st period - Snap shot by Anthony Duclair.
13:16 of 1st period - Shot Hit the Post.
13:18 of 1st period - Backhand shot by Nikolai Knyzhov.
13:18 of 1st period - Stopped by Connor Hellebuyck with a rebound.
13:20 of 1st period - Slapshot by Ethan Bear.
13:20 of 1st period - Shot Misses the Net.
13:22 of 1st period - Snap shot by Ethan Bear.
13:22 of 1st period - Shot Misses the Net.
13:24 of 1st period - Wrist shot by Anthony Duclair.
13:24 of 1st period - Stopped by Connor Hellebuyck without a rebound.
13:25 of 1st period - Adam Lowry wins face-off versus Logan Couture in Winnipeg Jets zone.
14:45 of 1st period - Slapshot by Calen Addison.
14:45 of 1st period - Stopped by Connor Hellebuyck with a rebound.
14:47 of 1st period - Wrist shot by Fabian Zetterlund.
14:47 of 1st period - Shot Misses the Net.
14:49 of 1st period - Wrist shot by Nico Sturm.
14:49 of 1st period - Shot Misses the Net.
14:51 of 1st period - Slapshot by Jan Rutta.
14:51 of 1st period - Shot Misses the Net.
14:53 of 1st period - Snap shot by Jan Rutta.
14:53 of 1st period - Stopped by Connor Hellebuyck with a rebound.
15:03 of 1st period - Adam Lowry is hit by Logan Couture and loses puck.
15:12 of 1st period - Snap shot by Nino Niederreiter.
15:12 of 1st period - Stopped by Kaapo Kahkonen with a rebound.
15:14 of 1st period - Slapshot by Brenden Dillon.
15:14 of 1st period - Stopped by Kaapo Kahkonen with a rebound.
15:26 of 1st period - Snap shot by Nikolaj Ehlers.
15:26 of 1st period - Shot Misses the Net.
15:28 of 1st period - Slapshot by Brenden Dillon.
15:28 of 1st period - Stopped by Kaapo Kahkonen without a rebound.
15:29 of 1st period - Mikael Granlund wins face-off versus Mark Scheifele in San Jose Sharks zone.
15:43 of 1st period - Minor Penalty to Ethan Bear for Holding Stick.
15:44 of 1st period - Logan Couture wins face-off versus Phil Kessel in San Jose Sharks zone.
16:17 of 1st period - Alexander Barabanov is hit by Brenden Dillon and loses puck.
16:58 of 1st period - Logan Couture is hit by Josh Morrissey and loses puck.
17:43 of 1st period - Penalty to Ethan Bear is over, Ethan Bear is back on ice.
17:47 of 1st period - Wrist shot by Mikael Granlund.
17:47 of 1st period - Stopped by Connor Hellebuyck without a rebound.
17:48 of 1st period - Mikael Granlund wins face-off versus Gabriel Vilardi in Winnipeg Jets zone.
17:49 of 1st period - Slapshot by Fabian Zetterlund.
17:49 of 1st period - Stopped by Connor Hellebuyck with a rebound.
17:51 of 1st period - Wrist shot by Mikael Granlund.
17:51 of 1st period - Goal by Mikael Granlund - Winnipeg Jets : 0 - San Jose Sharks : 1.
17:52 of 1st period - Logan Couture wins face-off versus Mark Scheifele in neutral zone.
18:20 of 1st period - Minor Penalty to Givani Smith for High sticking.
18:21 of 1st period - Logan Couture wins face-off versus Mark Scheifele in San Jose Sharks zone.
18:34 of 1st period - Icing by Mark Scheifele.
18:35 of 1st period - Logan Couture wins face-off versus Mark Scheifele in Winnipeg Jets zone.
18:50 of 1st period - Wrist shot by Mark Scheifele.
18:50 of 1st period - Shot Blocked by Mario Ferraro.
19:36 of 1st period - Slapshot by Kyle Connor.
19:36 of 1st period - Shot Misses the Net.
19:38 of 1st period - Wrist shot by Mark Scheifele.
19:38 of 1st period - Shot Misses the Net.
19:52 of 1st period - Snap shot by Kyle Connor.
19:52 of 1st period - Shot Misses the Net.
Goals for this period are 0 for Winnipeg Jets vs 1 for San Jose Sharks.
Shots for this period are 6 for Winnipeg Jets vs 11 for San Jose Sharks.

2nd period


0:01 of 2nd period - Mark Scheifele wins face-off versus Logan Couture in neutral zone.
0:06 of 2nd period - Slapshot by Kyle Connor.
0:06 of 2nd period - Shot Misses the Net.
0:08 of 2nd period - Wrist shot by Phil Kessel.
0:08 of 2nd period - Shot Misses the Net.
0:10 of 2nd period - Slapshot by Kyle Connor.
0:10 of 2nd period - Deflect By Mark Scheifele.
0:10 of 2nd period - Shot Blocked by Matt Benning.
0:10 of 2nd period - Puck is out of play.
0:11 of 2nd period - Logan Couture wins face-off versus Mark Scheifele in San Jose Sharks zone.
0:20 of 2nd period - Penalty to Givani Smith is over, Givani Smith is back on ice.
0:20 of 2nd period - Snap shot by Alexander Barabanov.
0:20 of 2nd period - Shot Misses the Net.
0:22 of 2nd period - Wrist shot by Logan Couture.
0:22 of 2nd period - Stopped by Connor Hellebuyck with a rebound.
0:26 of 2nd period - Wrist shot by Alexander Barabanov.
0:26 of 2nd period - Stopped by Connor Hellebuyck with a rebound.
0:28 of 2nd period - Snap shot by Matt Benning.
0:28 of 2nd period - Stopped by Connor Hellebuyck without a rebound.
0:29 of 2nd period - Nino Niederreiter wins face-off versus Tomas Hertl in Winnipeg Jets zone.
1:00 of 2nd period - Snap shot by Kyle Connor.
1:00 of 2nd period - Stopped by Kaapo Kahkonen without a rebound.
1:01 of 2nd period - Logan Couture wins face-off versus Mark Scheifele in San Jose Sharks zone.
1:28 of 2nd period - Jan Rutta is hit by Dylan DeMelo and loses puck.
2:42 of 2nd period - Snap shot by Nikolaj Ehlers.
2:42 of 2nd period - Stopped by Kaapo Kahkonen with a rebound.
3:08 of 2nd period - Slapshot by Calen Addison.
3:08 of 2nd period - Shot Misses the Net.
3:10 of 2nd period - Slapshot by Jan Rutta.
3:10 of 2nd period - Stopped by Connor Hellebuyck without a rebound.
3:11 of 2nd period - Nikolaj Ehlers wins face-off versus Mikael Granlund in Winnipeg Jets zone.
3:16 of 2nd period - Fabian Zetterlund is hit by Neal Pionk and loses puck.
3:42 of 2nd period - Snap shot by Kyle Connor.
3:42 of 2nd period - Stopped by Kaapo Kahkonen without a rebound.
3:43 of 2nd period - Logan Couture wins face-off versus Mark Scheifele in San Jose Sharks zone.
3:45 of 2nd period - Minor Penalty to Ethan Bear for Holding.
3:46 of 2nd period - Logan Couture wins face-off versus Mark Scheifele in San Jose Sharks zone.
3:46 of 2nd period - Logan Couture is hit by Phil Kessel.
3:57 of 2nd period - Wrist shot by Neal Pionk.
3:57 of 2nd period - Stopped by Kaapo Kahkonen with a rebound.
3:59 of 2nd period - Slapshot by Josh Morrissey.
3:59 of 2nd period - Deflect By Logan Couture.
3:59 of 2nd period - Winnipeg Jets goal is going for a video replay.
3:59 of 2nd period - The goal is good.
3:59 of 2nd period - Goal by Josh Morrissey - Winnipeg Jets : 1 - San Jose Sharks : 1.
4:00 of 2nd period - Logan Couture wins face-off versus Mark Scheifele in neutral zone.
4:13 of 2nd period - Snap shot by Logan Couture.
4:13 of 2nd period - Deflect By Alexander Barabanov.
4:13 of 2nd period - Shot Blocked by Neal Pionk.
4:13 of 2nd period - Puck is out of play.
4:14 of 2nd period - Mark Scheifele wins face-off versus Logan Couture in Winnipeg Jets zone.
4:25 of 2nd period - Snap shot by Kyle Connor.
4:25 of 2nd period - Goal by Kyle Connor - Winnipeg Jets : 2 - San Jose Sharks : 1.
4:26 of 2nd period - Mark Scheifele wins face-off versus Logan Couture in neutral zone.
4:35 of 2nd period - Snap shot by Josh Morrissey.
4:35 of 2nd period - Stopped by Kaapo Kahkonen with a rebound.
4:37 of 2nd period - Slapshot by Josh Morrissey.
4:37 of 2nd period - Stopped by Kaapo Kahkonen without a rebound.
4:38 of 2nd period - Mark Scheifele wins face-off versus Logan Couture in San Jose Sharks zone.
5:16 of 2nd period - Snap shot by Nikolaj Ehlers.
5:16 of 2nd period - Shot Misses the Net.
5:54 of 2nd period - Phil Kessel is hit by Alexander Barabanov.
6:20 of 2nd period - Mikael Granlund is hit by Rasmus Kupari.
6:37 of 2nd period - Snap shot by Danil Gushchin.
6:37 of 2nd period - Shot Misses the Net.
7:21 of 2nd period - Wrist shot by Mike Hoffman.
7:21 of 2nd period - Stopped by Connor Hellebuyck without a rebound.
7:22 of 2nd period - Tomas Hertl wins face-off versus Mark Scheifele in Winnipeg Jets zone.
7:57 of 2nd period - Snap shot by Logan Couture.
7:57 of 2nd period - Stopped by Connor Hellebuyck without a rebound.
7:58 of 2nd period - Logan Couture wins face-off versus Kyle Connor in Winnipeg Jets zone.
8:05 of 2nd period - Slapshot by Logan Couture.
8:05 of 2nd period - Shot Blocked by Brenden Dillon.
8:07 of 2nd period - Slapshot by Matt Benning.
8:07 of 2nd period - Shot Misses the Net.
8:14 of 2nd period - Minor Penalty to Brenden Dillon for Interference.
8:15 of 2nd period - Logan Couture wins face-off versus Morgan Barron in Winnipeg Jets zone.
8:17 of 2nd period - Slapshot by Alexander Barabanov.
8:17 of 2nd period - Stopped by Connor Hellebuyck without a rebound.
8:18 of 2nd period - Logan Couture wins face-off versus Morgan Barron in Winnipeg Jets zone.
8:31 of 2nd period - Wrist shot by Logan Couture.
8:31 of 2nd period - Shot Blocked by Dylan Samberg.
8:33 of 2nd period - Wrist shot by Logan Couture.
8:33 of 2nd period - Shot Misses the Net.
8:51 of 2nd period - Wrist shot by Alexander Barabanov.
8:51 of 2nd period - Deflect By Josh Morrissey.
8:51 of 2nd period - Goal by Alexander Barabanov - Winnipeg Jets : 2 - San Jose Sharks : 2.
8:52 of 2nd period - Mark Scheifele wins face-off versus Logan Couture in neutral zone.
9:01 of 2nd period - Slapshot by Josh Morrissey.
9:01 of 2nd period - Shot Misses the Net.
9:03 of 2nd period - Slapshot by Neal Pionk.
9:03 of 2nd period - Shot Misses the Net.
9:05 of 2nd period - Snap shot by Neal Pionk.
9:05 of 2nd period - Shot Blocked by Mario Ferraro.
9:15 of 2nd period - Minor Penalty to Phil Kessel for Holding.
9:16 of 2nd period - Logan Couture wins face-off versus Morgan Barron in Winnipeg Jets zone.
9:54 of 2nd period - Wrist shot by Tomas Hertl.
9:54 of 2nd period - Shot Blocked by Alex Iafallo.
10:30 of 2nd period - Wrist shot by Mark Scheifele.
10:30 of 2nd period - Deflect By Kyle Connor.
10:30 of 2nd period - Stopped by Kaapo Kahkonen with a rebound.
10:47 of 2nd period - Icing by Logan Couture.
10:48 of 2nd period - Tomas Hertl wins face-off versus Morgan Barron in San Jose Sharks zone.
11:12 of 2nd period - Logan Couture is hit by Brenden Dillon and loses puck.
11:15 of 2nd period - Penalty to Phil Kessel is over, Phil Kessel is back on ice.
11:27 of 2nd period - Dylan DeMelo is hit by Fabian Zetterlund and loses puck.
12:29 of 2nd period - Snap shot by Nino Niederreiter.
12:29 of 2nd period - Shot Misses the Net.
12:31 of 2nd period - Wrist shot by Adam Lowry.
12:31 of 2nd period - Shot Misses the Net.
12:33 of 2nd period - Slapshot by Dylan Samberg.
12:33 of 2nd period - Deflect By Mikael Granlund.
12:33 of 2nd period - Stopped by Kaapo Kahkonen with a rebound.
12:35 of 2nd period - Slapshot by Nate Schmidt.
12:35 of 2nd period - Stopped by Kaapo Kahkonen with a rebound.
12:37 of 2nd period - Slapshot by Dylan Samberg.
12:37 of 2nd period - Shot Blocked by Nikolai Knyzhov.
12:39 of 2nd period - Snap shot by Nikolaj Ehlers.
12:39 of 2nd period - Stopped by Kaapo Kahkonen with a rebound.
14:03 of 2nd period - Wrist shot by Nino Niederreiter.
14:03 of 2nd period - Shot Misses the Net.
14:20 of 2nd period - Wrist shot by Mikael Granlund.
14:20 of 2nd period - Shot Misses the Net.
14:22 of 2nd period - Snap shot by Fabian Zetterlund.
14:22 of 2nd period - Shot Misses the Net.
14:24 of 2nd period - Snap shot by Fabian Zetterlund.
14:24 of 2nd period - Shot Blocked by Dylan Samberg.
14:44 of 2nd period - Dylan Samberg is hit by Matt Benning and loses puck.
14:59 of 2nd period - Backhand shot by Nate Schmidt.
14:59 of 2nd period - Stopped by Kaapo Kahkonen with a rebound.
15:07 of 2nd period - Morgan Barron is hit by Jan Rutta and loses puck.
15:25 of 2nd period - Adam Lowry is hit by Givani Smith and loses puck.
15:48 of 2nd period - Wrist shot by Logan Couture.
15:48 of 2nd period - Stopped by Connor Hellebuyck without a rebound.
15:49 of 2nd period - Logan Couture wins face-off versus Mark Scheifele in Winnipeg Jets zone.
16:11 of 2nd period - Minor Penalty to Brenden Dillon for Interference.
16:12 of 2nd period - Logan Couture wins face-off versus Morgan Barron in Winnipeg Jets zone.
18:11 of 2nd period - Penalty to Brenden Dillon is over, Brenden Dillon is back on ice.
19:23 of 2nd period - Fabian Zetterlund is hit by Nino Niederreiter and loses puck.
19:53 of 2nd period - Wrist shot by Mark Scheifele.
19:53 of 2nd period - Stopped by Kaapo Kahkonen without a rebound.
19:54 of 2nd period - Mark Scheifele wins face-off versus Anthony Duclair in San Jose Sharks zone.
19:55 of 2nd period - Slapshot by Kyle Connor.
19:55 of 2nd period - Shot Misses the Net.
Goals for this period are 2 for Winnipeg Jets vs 1 for San Jose Sharks.
Shots for this period are 14 for Winnipeg Jets vs 9 for San Jose Sharks.

3rd period


0:01 of 3rd period - Logan Couture wins face-off versus Mark Scheifele in neutral zone.
0:34 of 3rd period - Snap shot by Danil Gushchin.
0:34 of 3rd period - Shot Misses the Net.
0:50 of 3rd period - Snap shot by Nico Sturm.
0:50 of 3rd period - Stopped by Connor Hellebuyck without a rebound.
0:51 of 3rd period - Mikael Granlund wins face-off versus Gabriel Vilardi in Winnipeg Jets zone.
1:04 of 3rd period - Snap shot by Mikael Granlund.
1:04 of 3rd period - Shot Misses the Net.
1:12 of 3rd period - Snap shot by Josh Morrissey.
1:12 of 3rd period - Shot Misses the Net.
1:14 of 3rd period - Slapshot by Alex Iafallo.
1:14 of 3rd period - Stopped by Kaapo Kahkonen with a rebound.
1:22 of 3rd period - Slapshot by Alex Iafallo.
1:22 of 3rd period - Stopped by Kaapo Kahkonen with a rebound.
1:26 of 3rd period - Snap shot by Alex Iafallo.
1:26 of 3rd period - Shot Misses the Net.
1:28 of 3rd period - Wrist shot by Alex Chiasson.
1:28 of 3rd period - Shot Blocked by Fabian Zetterlund.
1:30 of 3rd period - Snap shot by Alex Iafallo.
1:30 of 3rd period - Shot Misses the Net.
1:32 of 3rd period - Snap shot by Alex Chiasson.
1:32 of 3rd period - Stopped by Kaapo Kahkonen with a rebound.
1:34 of 3rd period - Slapshot by Brenden Dillon.
1:34 of 3rd period - Deflect By Alex Iafallo.
1:34 of 3rd period - Stopped by Kaapo Kahkonen without a rebound.
1:35 of 3rd period - Logan Couture wins face-off versus Mark Scheifele in San Jose Sharks zone.
1:44 of 3rd period - Snap shot by Alexander Barabanov.
1:44 of 3rd period - Shot Blocked by Josh Morrissey.
2:02 of 3rd period - Mario Ferraro is hit by Morgan Barron and loses puck.
2:07 of 3rd period - Slapshot by Dylan DeMelo.
2:07 of 3rd period - Shot Misses the Net.
2:09 of 3rd period - Slapshot by Dylan DeMelo.
2:09 of 3rd period - Shot Misses the Net.
2:11 of 3rd period - Slapshot by Brenden Dillon.
2:11 of 3rd period - Shot Misses the Net.
2:13 of 3rd period - Slapshot by Brenden Dillon.
2:13 of 3rd period - Shot Misses the Net.
2:15 of 3rd period - Slapshot by Brenden Dillon.
2:15 of 3rd period - Deflect By Alexander Barabanov.
2:15 of 3rd period - Stopped by Kaapo Kahkonen without a rebound.
2:16 of 3rd period - Phil Kessel wins face-off versus Tomas Hertl in San Jose Sharks zone.
2:27 of 3rd period - Wrist shot by Mark Scheifele.
2:27 of 3rd period - Deflect By Kyle Connor.
2:27 of 3rd period - Shot Blocked by Givani Smith.
2:27 of 3rd period - Puck is out of play.
2:28 of 3rd period - Mark Scheifele wins face-off versus Tomas Hertl in San Jose Sharks zone.
2:55 of 3rd period - Josh Morrissey is hit by Logan Couture and loses puck.
3:36 of 3rd period - Minor Penalty to Brenden Dillon for Hooking.
3:37 of 3rd period - Logan Couture wins face-off versus Morgan Barron in Winnipeg Jets zone.
3:40 of 3rd period - Snap shot by Logan Couture.
3:40 of 3rd period - Shot Misses the Net.
3:42 of 3rd period - Slapshot by Calen Addison.
3:42 of 3rd period - Deflect By Josh Morrissey.
3:42 of 3rd period - Stopped by Connor Hellebuyck with a rebound.
3:44 of 3rd period - Slapshot by Calen Addison.
3:44 of 3rd period - Shot Blocked by Josh Morrissey.
3:46 of 3rd period - Snap shot by Calen Addison.
3:46 of 3rd period - Shot Blocked by Josh Morrissey.
3:48 of 3rd period - Slapshot by Alexander Barabanov.
3:48 of 3rd period - Goal by Alexander Barabanov - Winnipeg Jets : 2 - San Jose Sharks : 3.
3:49 of 3rd period - Logan Couture wins face-off versus Mark Scheifele in neutral zone.
4:12 of 3rd period - Minor Penalty to Josh Morrissey for Holding.
4:13 of 3rd period - Logan Couture wins face-off versus Morgan Barron in Winnipeg Jets zone.
4:16 of 3rd period - Snap shot by Logan Couture.
4:16 of 3rd period - Goal by Logan Couture - Winnipeg Jets : 2 - San Jose Sharks : 4.
4:17 of 3rd period - Mark Scheifele wins face-off versus Logan Couture in neutral zone.
4:32 of 3rd period - Wrist shot by Mark Scheifele.
4:32 of 3rd period - Shot Misses the Net.
4:34 of 3rd period - Slapshot by Kyle Connor.
4:34 of 3rd period - Deflect By Logan Couture.
4:34 of 3rd period - Shot Misses the Net.
4:34 of 3rd period - Puck is out of play.
4:35 of 3rd period - Tomas Hertl wins face-off versus Nino Niederreiter in San Jose Sharks zone.
4:46 of 3rd period - Slapshot by Danil Gushchin.
4:46 of 3rd period - Shot Misses the Net.
4:59 of 3rd period - Icing by Adam Lowry.
5:00 of 3rd period - Logan Couture wins face-off versus Phil Kessel in Winnipeg Jets zone.
5:27 of 3rd period - Adam Lowry is hit by Givani Smith and loses puck.
5:54 of 3rd period - Jan Rutta is hit by Gabriel Vilardi and loses puck.
6:43 of 3rd period - Snap shot by Morgan Barron.
6:43 of 3rd period - Stopped by Kaapo Kahkonen without a rebound.
6:44 of 3rd period - Mark Scheifele wins face-off versus Logan Couture in San Jose Sharks zone.
7:33 of 3rd period - Snap shot by Nico Sturm.
7:33 of 3rd period - Goal by Nico Sturm - Winnipeg Jets : 2 - San Jose Sharks : 5.
7:34 of 3rd period - Logan Couture wins face-off versus Mark Scheifele in neutral zone.
8:21 of 3rd period - Wrist shot by Alexander Barabanov.
8:21 of 3rd period - Stopped by Connor Hellebuyck with a rebound.
8:23 of 3rd period - Snap shot by Alexander Barabanov.
8:23 of 3rd period - Shot Blocked by Neal Pionk.
8:25 of 3rd period - Snap shot by Filip Zadina.
8:25 of 3rd period - Shot Misses the Net.
8:27 of 3rd period - Wrist shot by Logan Couture.
8:27 of 3rd period - Stopped by Connor Hellebuyck without a rebound.
8:28 of 3rd period - Tomas Hertl wins face-off versus Mark Scheifele in Winnipeg Jets zone.
8:41 of 3rd period - Snap shot by Kyle Connor.
8:41 of 3rd period - Shot Blocked by Matt Benning.
8:43 of 3rd period - Minor Penalty to Givani Smith for Tripping.
8:44 of 3rd period - Logan Couture wins face-off versus Mark Scheifele in San Jose Sharks zone.
8:53 of 3rd period - Snap shot by Josh Morrissey.
8:53 of 3rd period - Stopped by Kaapo Kahkonen without a rebound.
8:54 of 3rd period - Mark Scheifele wins face-off versus Logan Couture in San Jose Sharks zone.
9:01 of 3rd period - Snap shot by Josh Morrissey.
9:01 of 3rd period - Deflect By Logan Couture.
9:01 of 3rd period - Goal by Josh Morrissey - Winnipeg Jets : 3 - San Jose Sharks : 5.
9:02 of 3rd period - Logan Couture wins face-off versus Mark Scheifele in neutral zone.
9:05 of 3rd period - Wrist shot by Matt Benning.
9:05 of 3rd period - Shot Misses the Net.
9:36 of 3rd period - Snap shot by Nikolaj Ehlers.
9:36 of 3rd period - Stopped by Kaapo Kahkonen with a rebound.
9:38 of 3rd period - Wrist shot by Adam Lowry.
9:38 of 3rd period - Stopped by Kaapo Kahkonen without a rebound.
9:39 of 3rd period - Mark Scheifele wins face-off versus Filip Zadina in San Jose Sharks zone.
9:52 of 3rd period - Wrist shot by Logan Couture.
9:52 of 3rd period - Shot Misses the Net.
9:54 of 3rd period - Slapshot by Calen Addison.
9:54 of 3rd period - Shot Misses the Net.
11:02 of 3rd period - Slapshot by Josh Morrissey.
11:02 of 3rd period - Deflect By Kyle Connor.
11:02 of 3rd period - Stopped by Kaapo Kahkonen with a rebound.
11:47 of 3rd period - Slapshot by Mikael Granlund.
11:47 of 3rd period - Stopped by Connor Hellebuyck without a rebound.
11:48 of 3rd period - Mark Scheifele wins face-off versus Mikael Granlund in Winnipeg Jets zone.
12:12 of 3rd period - Icing by Nico Sturm.
12:13 of 3rd period - Gabriel Vilardi wins face-off versus Filip Zadina in San Jose Sharks zone.
13:04 of 3rd period - Nikolaj Ehlers is hit by Mikael Granlund and loses puck.
13:55 of 3rd period - Snap shot by Morgan Barron.
13:55 of 3rd period - Stopped by Kaapo Kahkonen with a rebound.
14:01 of 3rd period - Mathieu Olivier is hit by Mario Ferraro and loses puck.
14:23 of 3rd period - Minor Penalty to Dylan DeMelo for Cross-checking.
14:24 of 3rd period - Logan Couture wins face-off versus Mark Scheifele in Winnipeg Jets zone.
14:34 of 3rd period - Wrist shot by Alexander Barabanov.
14:34 of 3rd period - Shot Misses the Net.
14:36 of 3rd period - Snap shot by Logan Couture.
14:36 of 3rd period - Deflect By Filip Zadina.
14:36 of 3rd period - Shot Misses the Net.
14:36 of 3rd period - Puck is out of play.
14:37 of 3rd period - Logan Couture wins face-off versus Morgan Barron in Winnipeg Jets zone.
14:38 of 3rd period - Wrist shot by Alexander Barabanov.
14:38 of 3rd period - Shot Blocked by Dylan Samberg.
14:40 of 3rd period - Snap shot by Filip Zadina.
14:40 of 3rd period - Shot Misses the Net.
14:42 of 3rd period - Snap shot by Filip Zadina.
14:42 of 3rd period - Shot Blocked by Josh Morrissey.
14:44 of 3rd period - Slapshot by Filip Zadina.
14:44 of 3rd period - Shot Hit the Post.
14:46 of 3rd period - Slapshot by Matt Benning.
14:46 of 3rd period - Stopped by Connor Hellebuyck with a rebound.
14:48 of 3rd period - Slapshot by Alexander Barabanov.
14:48 of 3rd period - Shot Blocked by Dylan Samberg.
14:50 of 3rd period - Snap shot by Filip Zadina.
14:50 of 3rd period - Shot Misses the Net.
14:52 of 3rd period - Wrist shot by Filip Zadina.
14:52 of 3rd period - Goal by Filip Zadina - Winnipeg Jets : 3 - San Jose Sharks : 6.
14:53 of 3rd period - Logan Couture wins face-off versus Mark Scheifele in neutral zone.
15:57 of 3rd period - Wrist shot by Alex Iafallo.
15:57 of 3rd period - Shot Misses the Net.
15:59 of 3rd period - Snap shot by Alex Iafallo.
15:59 of 3rd period - Stopped by Kaapo Kahkonen with a rebound.
16:13 of 3rd period - Wrist shot by Anthony Duclair.
16:13 of 3rd period - Stopped by Connor Hellebuyck with a rebound.
16:15 of 3rd period - Slapshot by Nikolai Knyzhov.
16:15 of 3rd period - Shot Blocked by Morgan Barron.
16:19 of 3rd period - Snap shot by Mike Hoffman.
16:19 of 3rd period - Shot Blocked by Dylan DeMelo.
17:23 of 3rd period - Wrist shot by Mikael Granlund.
17:23 of 3rd period - Stopped by Connor Hellebuyck with a rebound.
17:58 of 3rd period - Slapshot by Mark Scheifele.
17:58 of 3rd period - Deflect By Danil Gushchin.
17:58 of 3rd period - Stopped by Kaapo Kahkonen without a rebound.
17:59 of 3rd period - Mark Scheifele wins face-off versus Danil Gushchin in San Jose Sharks zone.
18:00 of 3rd period - Slapshot by Kyle Connor.
18:00 of 3rd period - Stopped by Kaapo Kahkonen without a rebound.
18:01 of 3rd period - Logan Couture wins face-off versus Mark Scheifele in San Jose Sharks zone.
18:10 of 3rd period - Alexander Barabanov is hit by Mark Scheifele and loses puck.
18:17 of 3rd period - Kyle Connor is hit by Logan Couture and loses puck.
18:53 of 3rd period - Minor Penalty to Mario Ferraro for Tripping.
18:54 of 3rd period - Mark Scheifele wins face-off versus Alexander Barabanov in San Jose Sharks zone.
Goals for this period are 1 for Winnipeg Jets vs 4 for San Jose Sharks.
Shots for this period are 15 for Winnipeg Jets vs 12 for San Jose Sharks.